 Dungeon Crawl Stone Soup version 0.22-a0-283-g1871b15 (webtiles) character file.

4 4thArraOfDagon the Grasshopper (level 1, 0/16 HPs)
             Began as a Formicid Warper on Mar 18, 2018.
             Slain by a bullfrog skeleton (5 damage)
             ... on level 4 of the Dungeon.
             The game lasted 00:00:27 (70 turns).

4thArraOfDagon the Grasshopper (Formicid Warper)      Turns: 70, Time: 00:00:28

Health: 0/16       AC:  3    Str: 15    XL:     1   Next: 77%
Magic:  3/3        EV: 11    Int: 12    God:
Gold:   15         SH:  0    Dex: 10    Spells: 4/4 levels left

rFire    . . .     SeeInvis +   a - +0 falchion
rCold    . . .     Gourm    .   (no shield)
rNeg     . . .     Faith    .   b - +0 leather armour
rPois    .         Spirit   .   (helmet unavailable)
rElec    .         Reflect  .   (no cloak)
rCorr    .         Harm     .   (no gloves)
MR       .....                  (no boots)
Stlth    +.........             (no amulet)
HPRegen  0.05/turn              (no ring)
MPRegen  0.08/turn              (no ring)

@: no status effects
A: permanent stasis, dig shafts and tunnels, four strong arms, antennae 3
a: Dig, Shaft Self


You were on level 4 of the Dungeon.
You were not hungry.

You visited 1 branch of the dungeon, and saw 4 of its levels.

You collected 15 gold pieces.

Inventory:

Hand Weapons
 a - a +0 falchion (weapon)
Missiles
 e - 5 tomahawks of dispersal (quivered)
Armour
 b - a +0 leather armour (worn)
Scrolls
 d - a scroll of blinking
Potions
 c - 3 potions of heal wounds {unknown}
Comestibles
 f - a ration


   Skills:
 - Level 2.1 Fighting
 * Level 2.4 Long Blades
 - Level 1.0 Throwing
 - Level 1.1 Armour
 - Level 1.7 Dodging
 - Level 2.1 Spellcasting
   Level 2.6 Translocations


You had 4 spell levels left.
You didn't know any spells.

Dungeon Overview and Level Annotations

Branches:
Dungeon (3/15)

Altars:


Innate Abilities, Weirdness & Mutations

You cannot be hasted, slowed, berserked, paralysed or teleported.
You can dig through walls and to a lower floor.
Your four strong arms can wield two-handed weapons with a shield.
You have a pair of large antennae on your head. (SInv)


Message History

You closely miss the leopard gecko.
The leopard gecko is severely wounded.
The leopard gecko barely misses you. The leopard gecko closely misses you.
You barely miss the leopard gecko.
The leopard gecko is severely wounded.
The leopard gecko bites you.
You hit the leopard gecko.
You kill the leopard gecko!
You see here a leopard gecko corpse.
A worker ant and a skeleton come into view.
The worker ant twitches its antennae in your direction.
Unknown command.
Unknown command.
Found a cloak.
You see here a coppery potion.
Unknown command.
c - 3 coppery potions (gained 1)
The bullfrog skeleton closely misses you.
The bullfrog skeleton hits you.
You die...

#......#####..#
#.........#...#
#......†.....#
##..........##
#..........#
#..........##
##...........#
##.......####...
#...a@...# #..
......Z....# ..
#.........##
..........#
.........##
.........#
[.......##
....##..#


You could see a worker ant and a bullfrog skeleton.

Vanquished Creatures
  A leopard gecko (D:4)
  A ball python (D:3)
  A jackal (D:2)
3 creatures vanquished.

Notes
Turn   | Place    | Note
-------+----------+-------------------------------------------
     0 | D:1      | 4thArraOfDagon the Formicid Warper began the quest for the Orb.
     0 | D:1      | Reached XP level 1. HP: 16/16 MP: 3/3
     9 | D:1      | You fall through a shaft!
    22 | D:2      | You fall through a shaft!
    57 | D:3      | You fall through a shaft!
    67 | D:4      | Noticed a worker ant
    70 | D:4      | Slain by a bullfrog skeleton

Vault maps used:
D:1:      dpeg_arrival_circle_labyrinth_c
D:3:      old_standard_altar
D:4:      marbit_many_paths, serial_shops, nicolae_shop_behind_doors,
          minmay_misc_feat_square, solitary_fountain, patterned_corridor,
          uniq_ijyb

Action                   || total
-------------------------++-------
Melee: Falchion          ||    11
 Abil: Shaft Self        ||     3
       Dig               ||     1
Dodge: Dodged            ||    13
       Rpst.: Falchion   ||     5

Table legend:
 A = Spawn XP
 B = Non-spawn XP
 C = Spawn XP percentage of total XP
 D = Spawn monster count
 E = Non-spawn monster count
 F = Spawn count percentage of total count
 G = Total turns spent on level
                    A         B        C        D         E        F      G
               +---------+---------+-------+---------+---------+-------+---------
         Total |       0 |       7 |   0.0 |       0 |       3 |   0.0 |    70
               +---------+---------+-------+---------+---------+-------+---------
           D:2 |       0 |       2 |   0.0 |       0 |       1 |   0.0 |    15
           D:3 |       0 |       2 |   0.0 |       0 |       1 |   0.0 |    33
           D:4 |       0 |       3 |   0.0 |       0 |       1 |   0.0 |    13
               +---------+---------+-------+---------+---------+-------+---------
